 Dungeon Crawl Stone Soup version 0.31-a0-214-gb37851dbb3 (webtiles) character file.

Game seed: 6430734005906089907

261 Gargoyl the Chopper (level 6, -1/57 HPs)
             Began as a Gargoyle Berserker on July 1, 2023.
             Was a Believer of Trog.
             Slain by an ogre
             ... wielding a +0 giant spiked club
              (4 damage)
             ... on level 4 of the Dungeon.
             The game lasted 00:03:36 (2418 turns).

Gargoyl the Chopper (Gargoyle Berserker)            Turns: 2418, Time: 00:03:37

Health: -1/57      AC: 11    Str: 20    XL:     6   Next: 18%
Magic:  6/6        EV: 10    Int:  8    God:    Trog [**....]
Gold:   229        SH:  0    Dex: 11    Spells: 5/5 levels left

rFire   . . .        a - +0 hand axe
rCold   . . .        (no shield)
rNeg    + . .        j - +0 scale mail
rPois   ∞            (no helmet)
rElec   +            (no cloak)
rCorr   .            (no gloves)
SInv    .            (no boots)
Will    .....        (no amulet) Stlth
                     (no ring)
HPRegen 0.29/turn    (no ring)
MPRegen 0.10/turn

%: no passive effects
@: berserking, very quick
A: sickness immunity, AC +4, negative energy resistance 1, electricity
resistance, torment resistance 1, petrification resistance
a: Renounce Religion, Berserk, Trog's Hand


You were on level 4 of the Dungeon.
You worshipped Trog.
Trog was pleased with you.
You visited 1 branch of the dungeon, and saw 4 of its levels.

You collected 229 gold pieces.

Inventory:

Hand Weapons
 a - a +0 hand axe (weapon)
Missiles
 b - 5 javelins (quivered)
Armour
 j - a +0 scale mail (worn)
Scrolls
 e - 2 scrolls of teleportation
Potions
 c - a potion of attraction {unknown}
 d - 3 potions of enlightenment
 f - a potion of degeneration {unknown}
 g - 3 potions of haste {unknown}
 h - a potion of curing {unknown}
 i - a potion of might {unknown}
 k - a potion of brilliance {unknown}


   Skills:
 + Level 4.1 Fighting
 + Level 4.6 Axes
 + Level 2.5 Armour
 + Level 2.9 Dodging
 + Level 1.5 Stealth


You had 5 spell levels left.
You didn't know any spells.
Your spell library was empty.

Dungeon Overview and Level Annotations

Branches:
Dungeon (4/15)
 Temple: D:4-7

Altars:
Ru
Trog

Shops:
D:3 =


Innate Abilities, Weirdness & Mutations

You are immune to sickness and miasma.
Your stone body is resilient. (AC +4)
You are immune to poison.
You resist negative energy. (rN+)
You are resistant to electric shocks. (rElec)
You are resistant to unholy torment.
You are immune to petrification.


Message History

You barely miss the hobgoblin.
The hobgoblin is moderately wounded.
The ogre shouts!
You hit the kobold. The kobold barely misses you.
The hobgoblin barely misses you.
Unknown command.
You hit the hobgoblin but do no damage.
The hobgoblin is moderately wounded.
You closely miss the kobold. The kobold barely misses you.
The hobgoblin barely misses you.
You hit the hobgoblin.
The hobgoblin is severely wounded.
You closely miss the kobold. The kobold hits you but does no damage.
The hobgoblin completely misses you.
Unknown command.
You hit the hobgoblin.
You kill the hobgoblin!
Trog accepts your kill.
You hit the kobold.
You kill the kobold!
Trog accepts your kill.
Throw: 6 javelins
Press: ? - help, Q - select action, (/) - cycle Shift-Dir - straight line, f - ogre
Aim: an ogre, wielding a +0 giant spiked club (73% to hit)
You throw a javelin.
The javelin pierces through the ogre but does no damage.
The ogre misses you.
A red film seems to cover your vision as you go berserk!
You feel yourself moving faster!
You feel mighty!
You barely miss the ogre.
The ogre hits you with a +0 giant spiked club!
You barely miss the ogre. You barely miss the ogre.
The ogre hits you with a +0 giant spiked club!!
* * * LOW HITPOINT WARNING * * *
You barely miss the ogre. You slash the ogre!
The ogre is moderately wounded.
The ogre hits you with a +0 giant spiked club.
You die...

#..............#
#.............(.
#.............
.#............
............# .
............#...
........†O.....#
#...@..#
#.......†......#
...............#
...........##.##
............. #
....$..#.##...
.......... ..##
........#. .##


You could see an ogre.

Vanquished Creatures
  A water moccasin (D:3)
  A hound (D:4)
  2 adders
  3 gnolls (D:2)
  A worm (D:3)
  A dart slug (D:1)
  An orc (D:3)
  2 bats (D:2)
  10 endoplasms
  6 giant cockroaches
  4 goblins
  7 hobgoblins
  5 jackals
  8 kobolds
  6 ball pythons
  8 frilled lizards
  3 rats
69 creatures vanquished.

Notes
Turn   | Place    | Note
-------+----------+-------------------------------------------
     0 | D:1      | Gargoyl the Gargoyle Berserker began the quest for the Orb.
     0 | D:1      | Reached XP level 1. HP: 14/14 MP: 1/1
    93 | D:1      | Reached XP level 2. HP: 16/19 MP: 2/2
   623 | D:1      | Reached XP level 3. HP: 23/23 MP: 3/3
   662 | D:1      | Reached ** piety under Trog
  1024 | D:2      | Identified the +10 short sword of the World {antimagic,
                  | Contam +Blink rPois}
  1240 | D:2      | Reached XP level 4. HP: 29/29 MP: 4/4
  1791 | D:3      | Noticed a water moccasin
  1815 | D:3      | Killed a water moccasin
  1816 | D:3      | Reached skill level 1 in Stealth
  1816 | D:3      | Reached XP level 5. HP: 20/33 MP: 5/5
  1931 | D:3      | Found a bloodstained altar of Trog.
  2125 | D:3      | Found a sacrificial altar of Ru.
  2134 | D:3      | Reached XP level 6. HP: 33/38 MP: 6/6
  2193 | D:3      | Found Olofyide's Jewellery Emporium.
  2418 | D:4      | Slain by an ogre

Illustrated notes

Levels and vault maps discovered:
D:1:      dpeg_arrival_arbitrary_b, layout_loops_ring, serial_forest,
          infiniplex_forest_end_3, infiniplex_forest_zigzag_1,
          infiniplex_forest_zigzag_1, infiniplex_forest_clump_long,
          infiniplex_forest_end_2, infiniplex_forest_fountain,
          infiniplex_forest_clump_C, grunt_decor_cap, minmay_pentomino_v2
D:2:      layout_loops_ring, minivault_26, eino_curves_01
D:3:      layout_rooms, mainiacjoe_overflow_chevrons,
          nicolae_ru_great_annihilating_truth, serial_shops, shop,
          wad_rectangle_vault
D:4:      layout_cave_pools, minmay_temple_entry_stoned_glass

Skill      XL: |  1  2  3  4 |
---------------+-------------+-----
Axes           | 3 4 |  4.6
Dodging        | 2 |  2.9
Fighting       | 4 |  4.1
Stealth        | 1 |  1.5
Armour         | |  2.5

Action                     |  1- 3 |  4- 6 || total
---------------------------+-------+-------++-------
  Melee: Hand axe          |   104 |   116 ||   220
         Punch             |     1 |     3 ||     4
  Throw: Javelin           |       |     1 ||     1
 Invoke: Berserk           |     2 |     2 ||     4
    Use: Scroll            |     4 |     3 ||     7
   Stab: Invisible         |       |     2 ||     2
         Paralysed         |       |     2 ||     2
 Armour: Animal skin       |    57 |    16 ||    73
         Scale mail        |       |    30 ||    30
  Dodge: Dodged            |   104 |    78 ||   182

Table legend: (Time is in decaauts)
 A = Elapsed time spent in this place.
 B = Non-inter-level travel time spent in this place.
 C = Inter-level travel time spent in this place.
 D = Time resting spent in this place.
 E = Time spent auto-exploring this place.
 F = Levels seen in this place.
 G = Mean time per level.
                   A        B        C        D        E       F      G
               +--------+--------+--------+--------+--------+-----+--------+
         Total |   2465 |   2400 |     65 |      0 |   1708 |   4 |  616.2 |
       Dungeon |   2465 |   2400 |     65 |      0 |   1708 |   4 |  616.2 |
               +--------+--------+--------+--------+--------+-----+--------+

Top non-repeatable levels by time:
     D:1: 976 daAuts
     D:2: 782 daAuts
     D:3: 667 daAuts
     D:4: 38 daAuts
